 Dungeon Crawl Stone Soup version 0.28-a0-863-g8cecda6153 (webtiles) character file.

Game seed: 17548447062420191337

128 Zdeegee the Magician (level 5, 0/37 HPs)
             Began as a Djinni Ice Elementalist on Nov 19, 2021.
             Slain by an orc wizard (1 damage)
             ... on level 4 of the Dungeon on Nov 20, 2021.
             The game lasted 00:06:42 (3129 turns).

Zdeegee the Magician (Djinni Ice Elementalist)      Turns: 3129, Time: 00:06:43

Health: 0/37       AC:  4    Str:  7    XL:     5   Next: 34%
Gold:   99         EV: 12    Int: 18    God:
                   SH:  0    Dex: 15

rFire   + + .      SeeInvis .   (no weapon)
rCold   x . .      Faith    .   (no shield)
rNeg    . . .      Spirit   .   a - +0 robe
rPois   ∞          Reflect  .   g - +1 helmet
rElec   .          Harm     .   (no cloak)
rCorr   .          Rampage  .   (no gloves)
Will    .....                   (boots unavailable)
Stlth   ++........              (no amulet)
HPRegen 0.12/turn               (no ring)
MPRegen 0.00/turn               (no ring)

@: flying, invisible
A: sickness immunity, fire resistance 2, cold vulnerability 1, float, innate
caster, hp casting, extra vitality 1, agile 1, mutation resistance 1, MP-powered
wands
a: no special abilities


You were on level 4 of the Dungeon.
You visited 1 branch of the dungeon, and saw 4 of its levels.

You collected 99 gold pieces.

Inventory:

Missiles
 c - 17 sling bullets
 f - 13 poisoned darts
Armour
 a - a +0 robe (worn)
 g - a +1 helmet (worn)
Jewellery
 j - an amulet of the acrobat
Scrolls
 b - a scroll of immolation {unknown}
 h - a scroll of amnesia {unknown}
 i - a scroll of enchant armour {unknown}
Potions
 k - a potion of attraction
 l - a potion of berserk rage {unknown}
 m - a potion of brilliance {unknown}


   Skills:
 * Level 1.1 Fighting
 + Level 0.2 Short Blades
 * Level 0.5 Armour
 * Level 2.6 Dodging
 + Level 2.1 Stealth
 + Level 0.1 Unarmed Combat
 * Level 4.2 Spellcasting
 * Level 0.9 Evocations


You couldn't memorise any spells.
You knew the following spells:

 Your Spells              Type           Power      Damage    Failure   Level
a - Freeze                Ice            76%        1d9       2%          1
b - Frozen Ramparts       Ice            38%        1d5       8%          3
c - Ozocubu's Armour      Ice            19%        N/A       8%          3
d - Hailstorm             Conj/Ice       19%        3d6       24%         4
e - Slow                  Hex            76%        N/A       2%          1
f - Blink                 Tloc           38%        N/A       3%          2
Your spell library was empty.

Dungeon Overview and Level Annotations

Branches:
Dungeon (4/15)
 Temple: D:4-7

Altars:
Zin

Shops:
D:2 :


Innate Abilities, Weirdness & Mutations

You are immune to sickness and miasma.
You are immune to poison.
Your flesh is very heat resistant. (rF++)
You are vulnerable to cold. (rC-)
You float through the air rather than walking.
You learn spells naturally, not from books.
Your magical power is your life essence.
You have superior vitality. (+4 HP)
You are agile. (Dex +2)
You are somewhat resistant to further mutation.
You expend health (3 HP) to strengthen your wands.


Message History

Unknown command.
You're too confused to cast spells.
Your icy armour will break if you move.
Continue?
You bump into the rock wall.
You hear some strange, mumbled words.
Something tries to affect you, but you resist.
Your icy armour will break if you move.
Continue?
Your icy armour cracks and falls away as you move.
Something hits you but does no damage.
You see here a +4 short sword.
You hit something.
You feel less confused. Something hits you.
You miss something. Something hits you but does no damage.
You barely miss something. Something hits you.
* * * LOW HITPOINT WARNING * * *
You hit something but do no damage. Something hits you but does no damage.
You miss something. Something hits you.
* * * LOW HITPOINT WARNING * * *
You barely miss something.
You hear some strange, mumbled words.
Something tries to affect you, but you resist.
You miss something. Something hits you.
* * * LOW HITPOINT WARNING * * *
You hit something but do no damage. Something barely misses you.
You barely miss something. Something hits you but does no damage.
You hit something but do no damage. Something hits you.
* * * LOW HITPOINT WARNING * * *
You miss something. Something hits you.
* * * LOW HITPOINT WARNING * * *
You hit something but do no damage.
You hear some strange, mumbled words.
A magic dart appears from out of thin air!
The magic dart hits you.
* * * LOW HITPOINT WARNING * * *
You closely miss something. Something hits you but does no damage.
It was a potion of invisibility.
You fade into invisibility!
Something hits you.
You die...

##############
#...........<#
#.############
#.# #.# #@#
#{# #o# #o#
#J# #.# ...
#.#


You could see a jelly and 2 orcs.

Vanquished Creatures
  Terence (D:3)
  An orc wizard (D:4)
  A gnoll (D:1)
  2 adders (D:2)
  2 worms (D:2)
  A dart slug (D:1)
  An orc (D:4)
  4 ball pythons
  4 bats
  4 endoplasms
  A giant cockroach (D:1)
  5 goblins
  A hobgoblin (D:1)
  3 jackals (D:1)
  3 kobolds
  A quokka (D:1)
  3 frilled lizards (D:1)
  3 rats (D:1)
41 creatures vanquished.

Notes
Turn   | Place    | Note
-------+----------+-------------------------------------------
     0 | D:1      | Zdeegee the Djinni Ice Elementalist began the quest for the
                  | Orb.
     0 | D:1      | Reached XP level 1. HP: 15/15 MP: 0/0
   556 | D:1      | Reached XP level 2. HP: 17/21 MP: 0/0
  1027 | D:1      | Reached XP level 3. HP: 5/25 MP: 0/0
  1027 | D:1      | Learned a level 1 spell: Slow
  1847 | D:2      | Reached skill level 4 in Spellcasting
  1861 | D:2      | Reached XP level 4. HP: 26/31 MP: 0/0
  1929 | D:2      | Found Ucahef's Book Shoppe.
  2041 | D:2      | Found a glowing silver altar of Zin.
  2291 | D:2      | Gained mutation: You are agile. (Dex +2) [potion of
                  | mutation]
  2291 | D:2      | Gained mutation: You expend health (3 HP) to strengthen
                  | your wands. [potion of mutation]
  2291 | D:2      | Gained mutation: You are somewhat resistant to further
                  | mutation. [potion of mutation]
  2535 | D:3      | Noticed Terence
  2552 | D:3      | Killed Terence
  2553 | D:3      | Reached skill level 1 in Fighting
  2553 | D:3      | Reached XP level 5. HP: 13/37 MP: 0/0
  2553 | D:3      | Learned a level 2 spell: Blink
  3127 | D:4      | HP: 1/37 [something/magic dart (5)]
  3129 | D:4      | Slain by an orc wizard

Illustrated notes

Levels and vault maps discovered:
D:1:      dpeg_arrival_round_b, layout_loops_corners, roderic_lattice_a
D:2:      wad_pebble_path, layout_rooms, basic_altar, serial_shops, shop,
          nicolae_elevator_lobby_plus
D:3:      layout_rooms, nicolae_overflow_hidden_temple, uniq_terence
D:4:      layout_basic, nicolae_ru_sacrificial_ziggurat,
          minmay_temple_entry_glass

Skill      XL: |  1  2  3  4 |
---------------+-------------+-----
Stealth        | 2 |  2.1
Spellcasting   | 4 |  4.2
Fighting       | 1 |  1.1
Short Blades   | |  0.2
Armour         | |  0.5
Dodging        | |  2.6
Unarmed Combat | |  0.1
Evocations     | |  0.9

Action                   |  1- 3 |  4- 6 || total
-------------------------+-------+-------++-------
Melee: Unarmed           |     2 |    13 ||    15
       Short sword       |    27 |    15 ||    42
 Cast: Freeze            |    25 |     1 ||    26
       Frozen Ramparts   |     6 |     6 ||    12
       Ozocubu's Armour  |     1 |     2 ||     3
       Hailstorm         |       |     1 ||     1
  Use: Scroll            |       |     2 ||     2
       Potion            |       |     2 ||     2
 Stab: Sleeping          |       |     2 ||     2
Armor: Robe              |    18 |     8 ||    26
Dodge: Dodged            |    37 |     9 ||    46

Table legend: (Time is in decaauts)
 A = Elapsed time spent in this place.
 B = Non-inter-level travel time spent in this place.
 C = Inter-level travel time spent in this place.
 D = Time resting spent in this place.
 E = Time spent auto-exploring this place.
 F = Levels seen in this place.
 G = Mean time per level.
                   A        B        C        D        E       F      G
               +--------+--------+--------+--------+--------+-----+--------+
         Total |   3131 |   3037 |     94 |    678 |   2049 |   4 |  782.8 |
       Dungeon |   3131 |   3037 |     94 |    678 |   2049 |   4 |  782.8 |
               +--------+--------+--------+--------+--------+-----+--------+

Top non-repeatable levels by time:
     D:1: 1502 daAuts
     D:2: 830 daAuts
     D:3: 753 daAuts
     D:4: 45 daAuts
